 Dungeon Crawl Stone Soup version bcrawl-1.21.2-1-g32d02e0829 (webtiles) character file.

Game seed: 2122976771085620703

89 Mrkan the Skirmisher (level 4, 0/38 HPs)
             Began as a Hill Orc Archaeologist on Feb 19, 2020.
             Slain by an orc wizard
             ... wielding a +0 dagger
              (2 damage)
             ... on level 3 of the Dungeon.
             The game lasted 00:03:04 (2680 turns).

Mrkan the Skirmisher (Hill Orc Archaeologist)       Turns: 2680, Time: 00:03:05

Health: 0/38       AC:  6    Str: 14    XL:     4   Next: 55%
Magic:  4/4        EV: 12    Int: 14    God:
Gold:   126        SH:  0    Dex:  9    Spells: 3/3 levels left

rFire    . . .     SeeInvis .   a - +0 whip
rCold    . . .     Gourm    .   (no shield)
rNeg     . . .     Faith    .   b - +1 robe
rPois    .         Spirit   .   c - +1 hat
rElec    .         Reflect  .   (no cloak)
rCorr    .         Harm     .   (no gloves)
MR       .....                  d - +1 pair of boots
Stlth    ++........             (no amulet)
HPRegen  0.12/turn              (no ring)
MPRegen  0.09/turn              (no ring)

@: no status effects
A: no striking features
a: no special abilities


You were on level 3 of the Dungeon.
You were not hungry.

You visited 1 branch of the dungeon, and saw 3 of its levels.

You collected 126 gold pieces.

Inventory:

Hand Weapons
 a - a +0 whip (weapon)
Armour
 b - a +1 robe (worn)
 c - a +1 hat (worn)
 d - a +1 pair of boots (worn)
Scrolls
 g - a scroll of magic mapping
 i - a scroll of identify {unknown}
 j - 2 scrolls of teleportation {unknown}
 k - 2 scrolls of remove curse {unknown}
 m - a scroll of blinking {unknown}
 n - a scroll of immolation {unknown}
 o - a scroll of enchant armour {unknown}
Potions
 h - 3 potions of curing {unknown}
Miscellaneous
 f - a dusty tome
Comestibles
 e - 6 rations {!d}


   Skills:
 * Level 3.2 Fighting
   Level 3.2 Short Blades
   Level 3.2 Long Blades
   Level 3.2 Axes
   Level 3.2 Maces & Flails
   Level 3.2 Polearms
   Level 3.2 Staves
 + Level 2.3 Armour
 - Level 2.4 Dodging
 - Level 2.6 Stealth
   Level 3.2 Unarmed Combat


You had 3 spell levels left.
You didn't know any spells.
Your spell library was empty.

Dungeon Overview and Level Annotations

Branches:
Dungeon (3/12)

Altars:


Message History

All of the chunks of flesh in your inventory have rotted away.
You hit the orc wizard.
The orc wizard is moderately wounded.
The orc wizard hits you but does no damage.
A jackal comes into view.
The jackal barks!
You hit the orc wizard but do no damage.
The orc wizard is moderately wounded.
The orc wizard casts a spell at you. The puff of frost hits you.
* * * LOW HITPOINT WARNING * * *
You hit the orc wizard.
The orc wizard is heavily wounded.
The orc wizard gestures at you while chanting.
The puff of flame hits you!
* * * LOW HITPOINT WARNING * * *
You hit the orc wizard.
The orc wizard is heavily wounded.
The orc wizard hits you with a +0 dagger.
You die...

.... ....##
.....#########......##
.....#......##........
#...#.#....##......)
+#.................#
...##...###....h...#
...................#
...#.....##..(.....####.
## #.....#<..†..@o......
.......#.....#..........
.......#................
.......#.?....#########.
##.....#......#
#.....####..... #.....
#...... ..?.... ....##


You could see an orc wizard and a jackal.

Vanquished Creatures
  Jessica (D:2)
  3 worms (D:2)
  A dart slug (D:3)
  3 leopard geckos (D:2)
  4 orcs (D:2)
  A giant cockroach (D:2)
  2 goblins (D:1)
  6 hobgoblins
  2 jackals (D:1)
  9 kobolds
  3 bats
  3 frilled lizards (D:1)
  8 rats
46 creatures vanquished.

Notes
Turn   | Place    | Note
-------+----------+-------------------------------------------
     0 | D:1      | Mrkan the Hill Orc Archaeologist began the quest for the
                  | Orb.
     0 | D:1      | Reached XP level 1. HP: 16/16 MP: 1/1
   150 | D:1      | Reached skill level 2 in Fighting
   236 | D:1      | Reached XP level 2. HP: 22/24 MP: 2/2
   322 | D:1      | Reached skill level 1 in Armour
  1274 | D:2      | Reached XP level 3. HP: 30/30 MP: 3/3
  1971 | D:2      | Noticed Jessica
  2016 | D:2      | Killed Jessica
  2016 | D:2      | Reached skill level 3 in Fighting
  2016 | D:2      | Reached XP level 4. HP: 29/38 MP: 4/4
  2680 | D:3      | Slain by an orc wizard

Skill      XL: |  1  2  3 |
---------------+----------+-----
Fighting       | 2 3 |  3.2
Armour         | 1 2 |  2.3
Short Blades   | |  3.2
Long Blades    | |  3.2
Axes           | |  3.2
Maces & Flails | |  3.2
Polearms       | |  3.2
Staves         | |  3.2
Dodging        | |  2.4
Stealth        | |  2.6
Unarmed Combat | |  3.2

Action                   |  1- 3 |  4- 6 || total
-------------------------+-------+-------++-------
Melee: Whip              |   195 |    71 ||   266
       Punch             |       |     1 ||     1
 Stab: Sleeping          |     4 |       ||     4
       Distracted        |     1 |       ||     1
  Eat: Chunk             |     3 |     3 ||     6
Armor: Robe              |    84 |    20 ||   104
Dodge: Dodged            |   138 |    52 ||   190
